Map: Triton LE

Players

rawbone - Winner!

  • Race: Zerg Zerg
  • League: Gold
  • Spawn Location: 11:00

Пумка

  • Race: Terran Terran
  • Spawn Location: 5:00

VOD

Have the link to the VOD?

Description

Time

  • Played on: Jan. 18, 2020, 8:25 p.m.
  • Length: 15:16
Show
View Real Time Build Order
Export as new Build Order

rawbone Zerg - Winner!

Build Orders: Hatch First, Roach Hydra 

Get SALT Encoding   

  12  0:01  Drone  
  13  0:12  Overlord  
  13  0:17  Drone  
  14  0:31  Drone x2  
  16  0:36  Drone  
  17  0:55  Hatchery  
  16  0:59  Drone  
  16  1:00  Drone  
  18  1:17  Spawning Pool  
  17  1:19  Drone  
  18  1:27  Drone  
  19  1:40  Extractor  
  19  1:41  Drone x2  
  20  2:00  Overlord  
  20  2:11  Queen  
  20  2:12  Queen  
  24  2:16  Drone x3  
  24  2:22  Drone x2  
  29  2:33  Drone  
  29  2:36  Overlord  
  30  2:40  Drone  
  31  2:44  Drone  
  32  2:51  Roach Warren  
  32  2:54  Evolution Chamber, Lair  
  32  2:55  Drone x2  
  32  2:59  Queen  
  32  3:02  Drone  
  35  3:06  Drone  
  36  3:16  Drone x2  
  38  3:23  Drone  
  38  3:25  Drone x3  
  42  3:41  Spine Crawler  
  42  3:42  Spine Crawler  
  42  3:44  Extractor  
  42  3:45  Drone x3  
  42  3:46  Extractor, Drone x2  
  43  3:56  Overlord  
  43  3:57  Overlord  
  43  4:16  Overlord x2  
  43  4:19  Drone  
  43  4:20  Drone x4  
  48  4:30  Glial Reconstitution  
  48  4:32  Zerg Missile Weapons Level 1  
  48  4:40  Roach  
  48  4:41  Roach x4  
  58  4:53  Overlord x2  
  58  4:58  Roach  
  58  4:59  Roach x4  
  68  5:01  Hatchery  
  67  5:14  Drone  
  67  5:15  Extractor, Drone  
  67  5:16  Drone x2  
  70  5:25  Evolution Chamber  
  70  5:28  Drone x2, Hydralisk Den  
  70  6:04  Overlord  
  70  6:05  Overlord  
  70  6:06  Overlord  
  70  6:08  Overlord  
  70  6:12  Drone x9  
  70  6:16  Drone  
  80  6:22  Drone x2  
  80  6:25  Hatchery  
  81  6:30  Drone  
  82  6:34  Zerg Missile Weapons Level 2  
  82  6:37  Zerg Ground Armor Level 1  
  82  6:38  Grooved Spines  
  80  6:47  Roach  
  80  6:48  Roach x6  
  80  6:49  Roach  
  84  6:56  Roach x3  
  82  7:11  Roach x6  
  94  7:20  Drone x3  
  87  7:23  Extractor  
  87  7:24  Extractor  
  79  7:34  Roach  
  79  7:35  Roach x8  
  92  7:39  Roach  
  94  7:50  Muscular Augments  
  94  8:05  Drone x3  
  97  8:07  Drone x3  
  100  8:15  Drone x2  
  100  8:16  Drone  
  103  8:28  Hydralisk x12  
  103  8:32  Overlord  
  103  8:33  Overlord x2  
  127  8:36  Extractor, Hatchery  
  127  8:37  Extractor  
  127  8:38  Queen  
  126  8:56  Hydralisk x7  
  140  9:10  Queen  
  140  9:20  Hydralisk x11  
  140  9:21  Hydralisk  
  160  9:26  Overlord x3  
  160  9:27  Overlord  
  160  9:55  Overlord  
  160  9:58  Zerg Ground Armor Level 2  
  160  10:10  Spire  
  160  10:11  Infestation Pit  
  158  10:20  Hydralisk x13  
  184  10:26  Drone  
  184  10:27  Drone x2  
  184  10:28  Drone x3  
  189  10:29  Drone  
  189  10:30  Drone x3  
  194  10:54  Hive  
  194  11:00  Metabolic Boost  
  194  11:12  Hydralisk x2  
  194  11:13  Hatchery  
  197  11:21  Overlord  
  197  11:22  Overlord  
  197  11:28  Drone  
  168  12:01  Zergling x8  
  168  12:02  Zergling x56  
  186  12:13  Hydralisk x3  
  186  12:14  Zerg Missile Weapons Level 3, Hydralisk x2  
  196  12:23  Hatchery  
  196  12:25  Hydralisk  
  196  12:26  Hydralisk  
  199  12:37  Baneling Nest  
  199  12:38  Drone x2  
  200  13:20  Extractor  
  200  13:21  Hatchery  
  200  13:25  Extractor  
  197  13:33  Drone x3  
  200  13:45  Centrifical Hooks  
  142  14:21  Drone x2  
  142  14:22  Drone  
  142  14:24  Drone x4  
  145  14:25  Drone x3  
  145  14:28  Hydralisk x27  
  200  14:52  Hatchery  
Show
View Real Time Build Order
Export as new Build Order

Пумка Terran 

Build Orders:  

Get SALT Encoding   

  12  0:16  Supply Depot  
  12  0:28  SCV  
  13  0:40  SCV  
  13  0:41  Barracks  
  14  0:53  SCV  
  15  1:05  SCV  
  16  1:16  Refinery  
  17  1:19  Refinery  
  17  1:29  Orbital Command  
  16  1:33  Supply Depot  
  16  1:47  Barracks  
  16  1:56  SCV  
  17  2:07  Engineering Bay  
  17  2:09  SCV  
  17  2:11  Barracks Tech Lab  
  18  2:21  SCV  
  19  2:29  Marine  
  20  2:32  Stimpack  
  20  2:33  SCV  
  20  2:35  Barracks Reactor  
  21  2:45  SCV  
  21  2:47  Marine  
  21  2:48  Factory  
  23  2:57  SCV  
  24  3:07  Terran Infantry Weapons Level 1  
  24  3:13  Marine  
  24  3:14  Marine  
  24  3:15  Marine  
  27  3:25  Missile Turret  
  27  3:28  SCV  
  27  3:31  Marine  
  27  3:32  Marine  
  30  3:34  Starport  
  30  3:36  Factory Tech Lab  
  30  3:40  Marine  
  31  3:47  Supply Depot  
  31  4:08  Marine x3  
  31  4:09  SCV  
  35  4:11  Combat Shield  
  35  4:20  Supply Depot  
  35  4:21  SCV  
  36  4:26  Marine x3  
  36  4:30  Starport Reactor  
  39  4:42  Siege Tank  
  39  4:44  Marine  
  43  4:45  Supply Depot  
  43  5:02  Terran Infantry Armor Level 1  
  43  5:07  Supply Depot  
  43  5:10  Medivac  
  45  5:15  Medivac  
  47  5:21  Marine  
  47  5:22  Marine x2  
  50  5:39  Marine x2  
  50  5:40  Marine  
  53  5:48  Command Center  
  53  5:57  Marine x3  
  56  6:06  Barracks  
  56  6:11  Siege Tank  
  59  6:24  Medivac x2  
  51  6:56  Barracks  
  51  7:02  Marine  
  51  7:03  Marine x2  
  54  7:20  Marine x2  
  54  7:21  Marine  
  48  7:38  Marine x3  
  48  7:54  Barracks Reactor  
  48  7:55  Barracks Reactor  
  48  8:00  Armory  
  48  8:05  Orbital Command  
  48  8:15  Medivac  
  48  8:16  Medivac  
  52  8:26  Marine x3  
  55  8:41  Refinery  
  55  8:44  Marine x3  
  58  8:49  Marine x3  
  58  8:50  Marine  
  58  8:55  Supply Depot, Terran Infantry Weapons Level 2  
  62  9:02  Marine x3  
  65  9:05  Refinery  
  65  9:07  Marine x2  
  66  9:19  Supply Depot  
  55  9:31  Missile Turret  
  55  9:37  Marine x7  
  62  9:42  Supply Depot  
  62  9:54  Missile Turret, Marine  
  62  9:55  Marine x5  
  69  10:00  SCV  
  69  10:06  Supply Depot  
  69  10:12  SCV  
  70  10:15  Sensor Tower  
  70  10:24  SCV  
  71  10:31  Terran Vehicle And Ship Armor Level 1  
  71  10:32  Marine  
  71  10:33  Marine x6  
  78  10:36  SCV  
  78  10:37  Medivac x2  
  83  10:48  SCV  
  84  10:50  Marine x2  
  84  10:51  Marine x5  
  91  11:00  SCV  
  92  11:07  Medivac  
  94  11:11  Terran Infantry Armor Level 2  
  94  11:12  SCV  
  95  11:25  Command Center  
  95  11:29  Marine x6  
  95  11:30  Marine  
  102  11:37  Supply Depot  
  102  11:46  Marine  
  102  11:47  Marine x3  
  106  12:01  Supply Depot  
  69  12:19  Marine  
  69  12:20  Marine x6  
  76  12:25  Supply Depot  
  76  12:33  Siege Tank  
  79  12:37  Marine x2  
  81  12:51  SCV  
  82  12:57  Marine x2  
  82  12:58  Marine  
  85  13:02  Marauder  
  85  13:03  SCV  
  85  13:05  Siege Tank  
  91  13:15  SCV  
  92  13:23  Marauder  
  94  13:27  SCV  
  95  13:37  Siege Tank  
  95  13:38  Concussive Shells  
  95  13:39  SCV  
  94  14:09  Siege Tank  
  86  14:15  Marine x4  
  86  14:16  Marine  
  63  14:20  Marine  
  63  14:21  Marine  
  43  14:33  Marine x5  
  48  14:38  Marine x2  
  48  14:41  Siege Tank  
  53  14:50  Marine  
Tags
 
Composition
Roach Hydra
League
Gold
Matchup
TvZ
Spawn Locations
Cross Positions
Add a new tag
Caveats
  • Supply blocks, unpowered buildings, or Contaminate may cause inaccurate times.
  • Supply counts are checked every 10 seconds.